 Dungeon Crawl Stone Soup version 0.28.0 (webtiles) character file.

Game seed: 5558086218894150853

55991 joshe the Devastator (level 14, -7/107 HPs)
             Began as a Demigod Conjurer on Feb 4, 2022.
             Shot with an arrow by a satyr (39 damage)
             ... on level 1 of the Shoals on Feb 5, 2022.
             The game lasted 03:07:18 (28992 turns).

joshe the Devastator (Demigod Conjurer)            Turns: 28992, Time: 03:07:19

Health: -7/107     AC:  8    Str: 13    XL:     14   Next: 7%
Magic:  21/41      EV: 14    Int: 46    God:
Gold:   1112       SH:  6    Dex: 22    Spells: 13/32 levels left

rFire   + + .      SeeInvis .   M - staff of conjuration
rCold   + + +      Faith    .   K - +0 buckler of the Gloaming {MP+9 Str+2 Dex+2}
rNeg    . . .      Spirit   .   U - +1 robe of Vines {NoPotionHeal Regen++++}
rPois   .          Reflect  .   A - +1 helmet of Dishonesty {rF+ Regen+}
rElec   .          Harm     .   v - scarf {rC+ rF+}
rCorr   .          Rampage  .   (no gloves)
Will    +....                   N - +2 pair of boots {Fly}
Stlth   ++........              (no amulet)
HPRegen 4.27/turn               D - ring of the Thieving Things {*Corrode rC+ Str+3 Int+4 Dex+6}
MPRegen 0.27/turn               Y - ring "Zeonlayn" {Fly rC+ Int+6 Dex+2}

@: afraid, flying
A: high MP 1, forlorn, divine attributes
a: no special abilities


You were on level 1 of the Shoals.
You visited 4 branches of the dungeon, and saw 17 of its levels.
You also visited: Bailey, Gauntlet and Ice Cave.

You collected 2147 gold pieces.
You spent 1035 gold pieces at shops.

Inventory:

Hand Weapons
 S - a +1 vampiric demon whip
Missiles
 r - 49 poisoned darts
 z - 16 curare-tipped darts
 B - 4 datura-tipped darts
Armour
 v - a scarf of resistance (worn)
 A - the +1 helmet of Dishonesty (worn) {rF+ Regen+}
   (You found it in a bailey)

   rF:        It protects you from fire.
   Regen:     It increases your rate of health regeneration.
 H - an orb of guile
 K - the +0 buckler of the Gloaming (worn) {MP+9 Str+2 Dex+2}
   (You found it on level 11 of the Dungeon)

   Str:       It affects your strength (+2).
   Dex:       It affects your dexterity (+2).
   MP:        It affects your magic capacity (+9).
 N - a +2 pair of boots of flying (worn)
 U - the +1 robe of Vines (worn) {NoPotionHeal Regen++++}
   (You found it on level 2 of the Lair of Beasts)

   Its wearer cannot be healed by potions.
   Regen:     It increases your rate of health regeneration.
 X - a scarf of invisibility
Magical Staves
 M - a staff of conjuration (weapon)
Jewellery
 e - a +4 ring of evasion
 l - a ring of wizardry
 q - a ring of willpower
 D - the ring of the Thieving Things (left hand) {*Corrode rC+ Str+3 Int+4 Dex+6}
   (You found it in a Gauntlet)

   [ring of dexterity]

   Str:       It affects your strength (+3).
   Int:       It affects your intelligence (+4).
   Dex:       It affects your dexterity (+6).
   rC:        It protects you from cold.
   *Corrode:  It may corrode you when you take damage.
 Y - the ring "Zeonlayn" (right hand) {Fly rC+ Int+6 Dex+2}
   (You took it off a minotaur in a Gauntlet)

   [ring of intelligence]

   Int:       It affects your intelligence (+6).
   Dex:       It affects your dexterity (+2).
   rC:        It protects you from cold.
   Fly:       It grants you flight.
Wands
 b - a wand of digging (11)
 i - a wand of flame (12)
 u - a wand of paralysis (10)
 C - a wand of charming (5)
 P - a wand of iceblast (8)
 R - a wand of acid (13)
 Z - a wand of mindburst (7)
Scrolls
 f - 2 scrolls of silence
 h - 4 scrolls of immolation
 j - 3 scrolls of teleportation
 k - a scroll of blinking {unknown}
 n - 2 scrolls of holy word {unknown}
 s - 3 scrolls of magic mapping {unknown}
 x - a scroll of amnesia {unknown}
 y - 5 scrolls of torment {unknown}
 E - 2 scrolls of summoning {unknown}
 G - a scroll of fog {unknown}
 J - 3 scrolls of vulnerability {unknown}
 Q - 2 scrolls of enchant armour {unknown}
 T - a scroll of brand weapon {unknown}
 W - a scroll of enchant weapon {unknown}
Potions
 d - 3 potions of brilliance
 g - 5 potions of heal wounds
 m - a potion of lignification
 o - 2 potions of resistance
 p - 2 potions of mutation
 t - 2 potions of might
 w - 7 potions of curing
 I - 8 potions of ambrosia
 O - 2 potions of degeneration {unknown}
Miscellaneous
 a - a phial of floods
 L - a lightning rod (1/4)


   Skills:
 - Level 5.0 Fighting
 - Level 4.0 Dodging
 - Level 1.7 Stealth
 - Level 4.0 Shields
 + Level 9.7 Spellcasting
 - Level 16.0 Conjurations
 - Level 11.0 Hexes
 - Level 4.0 Translocations
 - Level 4.0 Air Magic


You had 13 spell levels left.
You knew the following spells:

 Your Spells              Type           Power      Damage    Failure   Level
a - Magic Dart            Conj           100%       1d8       0%          1
b - Searing Ray           Conj           100%       2d8       0%          2
c - Fulminant Prism       Conj/Hex       60%        3d27      1%          4
d - Iskenderun's Mystic   Conj/Tloc      100%       2d19      1%          4
e - Tukima's Dance        Hex            89%        N/A       1%          3
f - Lightning Bolt        Conj/Air       53%        1d75      1%          5

Your spell library contained the following spells:

 Spells                   Type           Power      Damage    Failure   Level
 Freeze                   Ice            88%        1d10      1%          1
 Corpse Rot               Necr/Air       80%        N/A       1%          2
 Poisonous Vapours        Pois/Air       80%        N/A       1%          2
 Dazzling Flash           Conj/Hex       100%       N/A       1%          3
 Gell's Gravitas          Tloc           56%        N/A       1%          3
 Lesser Beckoning         Tloc           56%        N/A       1%          3
 Teleport Other           Tloc           56%        N/A       1%          3
 Anguish                  Hex/Necr       32%        N/A       1%          4
 Hailstorm                Conj/Ice       97%        3d19      1%          4
 Airstrike                Air            28%        N/A       3%          4
 Frozen Ramparts          Ice            44%        1d6       4%          3
 Summon Lightning Spire   Summ/Air       40%        N/A       7%          4
 Manifold Assault         Tloc           56%        N/A       9%          5
 Enfeeble                 Hex            44%        N/A       14%         7
 Dispel Undead            Necr           22%        3d12      16%         4
 Dispersal                Tloc           28%        N/A       41%         6
 Death Channel            Necr           11%        N/A       93%         6
 Summon Cactus Giant      Summ           11%        N/A       93%         6


Dungeon Overview and Level Annotations

Branches:
Dungeon (11/15)            Temple (0/1) D:7            Lair (3/6) D:11
 Shoals (1/4) Lair:3          Orc (2/2) D:10            Elf (0/3) Orc:2
 Bailey (visited)           IceCv (visited)         Gauntlet (visited)
  Snake: Lair:2-4    Spider: Lair:2-4

Shops:
Orc:1 [   Orc:2 :([*

Annotations:
D:1 1 runed translucent door
D:7 3 runed translucent doors, Fractals's ghost, novice KoBr


Innate Abilities, Weirdness & Mutations

You have an increased reservoir of magic. (+10% MP)
You shall have no god before yourself.
Your divine heritage dramatically boosts your attributes as you level up.


Message History

You feel a surge of power!
You conjure a prism of explosive energy!
A fulminant prism comes into view.
The meliai mumbles some strange prayers to its god against you.
Something smites you!
The meliai invokes the aid of its god against you.
Something smites you!
Your fulminant prism crackles loudly.
Casting: Fulminant Prism (safe; 1% risk of failure)
Confirm with . or Enter, or press ? or * to list all spells.
You can't see any susceptible monsters within range! (Use Z to cast anyway.)
Casting: Fulminant Prism (safe; 1% risk of failure)
Confirm with . or Enter, or press ? or * to list all spells.
Aiming: Fulminant Prism (safe; 1% risk of failure)
Press: ? - help, Dir - move target You feel a surge of power!
You conjure a prism of explosive energy!
A fulminant prism comes into view.
The satyr plays a lulling melody on his pipes!
You fall asleep.
Your fulminant prism explodes!
The blast of energy engulfs the satyr!!!
The satyr is severely wounded.
The blast of energy engulfs the plant!
The plant begins to die.
The plant is lightly damaged.
The blast of energy engulfs the plant!!!
The plant begins to die.
The plant is moderately damaged.
You hear a shout! x2
The meliai hits you!
You wake up.
The meliai stings you but does no damage.
The meliai closely misses you. You block the meliai's attack.
The satyr shoots an arrow.
The arrow hits you!!
* * * LOW HITPOINT WARNING * * *
Your fulminant prism crackles loudly.
Unknown command.
The meliai closely misses you.
The meliai stings you but does no damage.
The satyr shoots an arrow.
The arrow hits you!!!
You die...

########################
≈≈≈≈≈≈≈≈≈≈≈≈≈≈≈≈≈≈≈≈≈≈≈≈
≈≈≈≈≈≈≈@y≈≈≈(≈≈≈≈≈≈≈≈≈≈≈
≈≈≈≈≈≈≈≈≈*≈≈≈≈≈≈≈≈≈≈≈≈≈≈
≈≈≈≈≈≈≈≈≈≈≈≈≈≈≈≈≈≈≈≈≈≈≈≈
≈≈≈≈≈≈≈≈≈≈≈≈≈≈≈≈≈≈≈≈≈≈≈≈
≈≈≈≈≈≈≈≈≈≈≈PP≈P≈≈≈≈≈≈P≈≈
≈≈≈≈≈≈≈P≈≈c≈≈P≈≈≈≈≈≈≈≈≈P
≈≈≈≈≈≈P≈≈≈≈≈≈≈≈P≈≈≈≈P≈P≈
≈≈≈≈≈≈≈≈P≈≈P≈≈P≈≈P≈≈≈P≈P
≈≈≈≈≈≈≈≈≈≈≈≈≈≈≈P≈≈≈P


You could see a satyr (scary), a meliai (ally target), a friendly +0 war axe and
a friendly fulminant prism.

Vanquished Creatures
  An orc warlord (Orc:2)
  A minotaur (Gauntlet)
  An ettin (Orc:1)
  A merfolk impaler (Shoals:1)
  Josephine (D:10)
  A merfolk javelineer (Shoals:1)
  6 hydras
  A merfolk avatar (Shoals:1)
  5 two-headed ogres
  2 orc high priests (Orc:2)
  Urug (Lair:2)
  Nergalle (D:10)
  Sonja (D:10)
  2 sea snakes (Shoals:1)
  3 orc knights (Orc:2)
  4 orc sorcerers (Orc:2)
  2 fauns (Shoals:1)
  3 oklob plants
  2 ugly things (IceCv)
  A cyclops (D:11)
  3 manticores
  2 black mambas
  2 merfolk sirens
  Joseph (D:8)
  3 elephants (Shoals:1)
  3 ice statues (IceCv)
  4 cane toads
  An apocalypse crab (Gauntlet)
  3 orange demons (D:10)
  A water nymph (Shoals:1)
  An unseen horror (D:11)
  A rime drake (Lair:3)
  4 komodo dragons
  2 ice devils (Lair:2)
  2 anaconda simulacra (IceCv)
  4 red devils (D:10)
  2 queen bees
  6 trolls
  3 meliai (Shoals:1)
  2 merfolk (Shoals:1)
  A wind drake (Shoals:1)
  7 blink frogs
  A snapping turtle (Shoals:1)
  2 centaur simulacra (Gauntlet)
  Sigmund (D:3)
  4 wraiths
  18 yaks
  5 wyverns (Lair:3)
  4 steam dragons
  2 basilisks
  Eustachio (D:4)
  A death yak simulacrum (IceCv)
  Menkaure (D:7)
  A harpy simulacrum (Gauntlet)
  A warg (Orc:2)
  8 water moccasins
  An acid dragon (D:9)
  Duvessa (D:5)
  A black bear (D:5)
  31 orc warriors
  4 sky beasts
  2 ice beasts
  8 ogres
  3 wolves (Lair:3)
  10 centaurs
  11 kobold brigands
  4 scorpions
  11 bullfrogs
  A wyvern zombie (D:6)
  Dowan (D:5)
  71 killer bees
  An elephant simulacrum (IceCv)
  8 wights
  3 howler monkeys
  3 centaur zombies
  4 jellies
  A bullfrog skeleton (D:6)
  3 gnoll shamans
  13 orc priests
  2 hounds
  Jessica (D:3)
  A centaur skeleton (D:7)
  4 iguanas
  29 orc wizards
  A polar bear simulacrum (IceCv)
  A wolf simulacrum (IceCv)
  A hound zombie (D:5)
  Robin (D:2)
  2 howler monkey zombies
  3 adders
  15 gnolls
  2 adder skeletons (D:4)
  A worm (D:3)
  4 dart slugs
  50 orcs
  6 bats
  6 endoplasms
  2 giant cockroaches
  17 goblins
  8 hobgoblins
  2 quokkas
  6 ball pythons
  4 frilled lizards
  21 kobolds
  8 rats
  A bush (Lair:2)
  3 fulminant prisms
546 creatures vanquished.

Vanquished Creatures (others)
  A quokka (D:5)
  397 fulminant prisms
  53 fungi
  85 plants
536 creatures vanquished.

Grand Total: 1082 creatures vanquished

Notes
Turn   | Place    | Note
-------+----------+-------------------------------------------
     0 | D:1      | joshe the Demigod Conjurer began the quest for the Orb.
     0 | D:1      | Reached XP level 1. HP: 14/14 MP: 5/5
     1 | D:1      | Found a runed translucent door.
   220 | D:1      | Reached skill level 4 in Conjurations
   423 | D:1      | Reached XP level 2. HP: 5/20 MP: 0/7
   667 | D:1      | Learned a level 2 spell: Searing Ray
  1731 | D:2      | Reached XP level 3. HP: 26/26 MP: 5/8
  2027 | D:2      | Noticed Robin
  2187 | D:2      | Reached skill level 5 in Conjurations
  2191 | D:2      | Killed Robin
  2512 | D:2      | You fall into a shaft and drop 1 floor!
  2537 | D:3      | Reached XP level 4. HP: 30/34 MP: 4/9
  2542 | D:3      | Learned a level 4 spell: Fulminant Prism
  3171 | D:3      | Reached skill level 1 in Fighting
  3602 | D:3      | Noticed Sigmund
  3864 | D:3      | Reached XP level 5. HP: 35/40 MP: 7/10
  3865 | D:3      | Killed Sigmund
  3866 | D:3      | Reached skill level 6 in Conjurations
  3866 | D:3      | Reached XP level 6. HP: 42/47 MP: 5/11
  3995 | D:3      | Noticed Jessica
  3998 | D:3      | Killed Jessica
  4948 | D:4      | Reached skill level 7 in Conjurations
  4948 | D:4      | Reached skill level 1 in Hexes
  5369 | D:4      | Noticed Eustachio
  5380 | D:4      | Reached XP level 7. HP: 52/52 MP: 8/13
  5382 | D:4      | Killed Eustachio
  5553 | D:4      | Learned a level 4 spell: Iskenderun's Mystic Blast
  5622 | D:4      | Identified the +3 robe of the Comet {Str+3 Int+3 Dex-4}
  5733 | D:4      | Reached skill level 1 in Translocations
  6263 | D:5      | Entered Level 5 of the Dungeon
  6752 | D:5      | Reached skill level 8 in Conjurations
  6752 | D:5      | Reached XP level 8. HP: 59/59 MP: 10/15
  6966 | D:5      | Noticed Dowan
  6967 | D:5      | Noticed Duvessa
  6978 | D:5      | Killed Duvessa
  6997 | D:5      | Killed Dowan
  8706 | D:7      | Noticed Menkaure
  8727 | D:7      | Reached skill level 5 in Hexes
  8968 | D:7      | Found a flagged portal.
  8979 | Bailey   | Entered a bailey
  9042 | Bailey   | Upgraded the game from 0.28-b1-70-g80dc712255 to 0.28.0
  9185 | Bailey   | Reached XP level 9. HP: 69/69 MP: 12/18
  9189 | Bailey   | Identified the +1 helmet of Dishonesty {rF+ Regen+}
  9244 | Bailey   | Reached skill level 9 in Conjurations
  9650 | D:7      | Found a staircase to the Ecumenical Temple.
  9656 | D:7      | Found a runed translucent gate.
  9658 | D:7      | Found a runed translucent gate.
  9659 | D:7      | Found a runed translucent gate.
  9675 | D:7      | Reached skill level 5 in Spellcasting
 10135 | D:7      | Killed Menkaure
 10895 | D:7      | Noticed Fractals's ghost (novice KoBr)
 11946 | D:8      | Reached XP level 10. HP: 78/78 MP: 15/22
 11986 | D:8      | Reached skill level 10 in Conjurations
 12118 | D:8      | Noticed Joseph
 12669 | D:8      | Killed Joseph
 13061 | D:9      | Noticed a two-headed ogre
 13073 | D:9      | Killed a two-headed ogre
 14011 | D:9      | Reached skill level 11 in Conjurations
 14838 | D:10     | Entered Level 10 of the Dungeon
 14848 | D:10     | Noticed Nergalle
 14866 | D:10     | Killed Nergalle
 15020 | D:10     | Reached XP level 11. HP: 84/84 MP: 20/25
 15149 | D:10     | Noticed Sonja
 15156 | D:10     | Killed Sonja
 15739 | D:10     | Noticed Josephine
 16125 | D:10     | Found a staircase to the Orcish Mines.
 16133 | D:10     | Noticed a two-headed ogre
 16142 | D:10     | Killed a two-headed ogre
 16143 | D:10     | Reached skill level 12 in Conjurations
 16273 | D:10     | Noticed a two-headed ogre
 16279 | D:10     | Killed a two-headed ogre
 16376 | D:10     | Killed Josephine
 17297 | D:11     | Identified the +0 buckler of the Gloaming {MP+9 Str+2
                  | Dex+2}
 17433 | D:11     | Reached skill level 13 in Conjurations
 17532 | D:11     | Reached skill level 1 in Shields
 17836 | D:11     | Found a staircase to the Lair.
 18035 | D:11     | Noticed a two-headed ogre
 18044 | D:11     | Killed a two-headed ogre
 18045 | D:11     | Reached XP level 12. HP: 91/91 MP: 26/28
 18348 | Orc:1    | Entered Level 1 of the Orcish Mines
 18348 | Orc:1    | Noticed an ettin
 18355 | Orc:1    | Killed an ettin
 19081 | Orc:1    | Found Hid Hiahitsa's Antique Armour Shop.
 19090 | Orc:1    | Bought a pair of embroidered boots for 285 gold pieces
 19385 | Orc:1    | Learned a level 3 spell: Tukima's Dance
 19386 | Orc:2    | Entered Level 2 of the Orcish Mines
 19388 | Orc:2    | Found Sima's General Store.
 19403 | Orc:2    | Reached skill level 14 in Conjurations
 19676 | Orc:2    | Bought a scroll of identify for 30 gold pieces
 19676 | Orc:2    | Bought a scroll of identify for 30 gold pieces
 19798 | Orc:2    | Bought a scarf of resistance for 480 gold pieces
 20133 | Orc:2    | Found Ogrudou's Antique Armour Emporium.
 20155 | Orc:2    | Found a staircase to the Elven Halls.
 20303 | Orc:2    | Noticed an orc warlord
 20324 | Orc:2    | Killed an orc warlord
 20624 | Orc:2    | Found Epuodgh's Antique Weapon Boutique.
 20850 | Orc:2    | Found Piegryph's Book Boutique.
 21405 | Orc:2    | Bought a pair of runed boots for 210 gold pieces
 21469 | Lair:1   | Entered Level 1 of the Lair of Beasts
 21476 | Lair:1   | Learned a level 5 spell: Lightning Bolt
 21542 | Lair:1   | Reached skill level 15 in Conjurations
 22505 | Lair:1   | Noticed a six-headed hydra
 22514 | Lair:1   | Killed a six-headed hydra
 22515 | Lair:1   | Reached XP level 13. HP: 96/96 MP: 28/30
 23062 | Lair:2   | Found a frozen archway.
 23185 | IceCv    | Entered an ice cave
 23717 | IceCv    | Reached skill level 10 in Hexes
 24490 | Lair:2   | Noticed Urug
 24497 | Lair:2   | Killed Urug
 24561 | Lair:2   | Found the +1 robe of Vines {NoPotionHeal Regen++++}
 25036 | Lair:3   | Found a gate leading to a gauntlet.
 25056 | Gauntlet | Entered a Gauntlet
 25056 | Gauntlet | Found a large runed translucent door.
 25056 | Gauntlet | Found a large runed translucent door.
 25056 | Gauntlet | Found a large runed translucent door.
 25056 | Gauntlet | Found a large runed translucent door.
 25056 | Gauntlet | Found a large runed translucent door.
 25056 | Gauntlet | Found a large runed translucent door.
 25056 | Gauntlet | Found a large runed translucent door.
 25056 | Gauntlet | Found a large runed translucent door.
 25056 | Gauntlet | Found a runed translucent door.
 25056 | Gauntlet | Found a runed translucent gate.
 25056 | Gauntlet | Found a transporter.
 25056 | Gauntlet | Found a transporter.
 25056 | Gauntlet | Found a runed translucent gate.
 25056 | Gauntlet | Found a transporter.
 25056 | Gauntlet | Found a transporter.
 25183 | Gauntlet | Found a transporter.
 25198 | Gauntlet | Found a transporter.
 25287 | Gauntlet | Found a runed translucent door.
 25288 | Gauntlet | Found a large runed translucent door.
 25288 | Gauntlet | Found a large runed translucent door.
 25288 | Gauntlet | Found a large runed translucent door.
 25288 | Gauntlet | Found a large runed translucent door.
 25289 | Gauntlet | Found a large runed translucent door.
 25289 | Gauntlet | Found a large runed translucent door.
 25290 | Gauntlet | Found a large runed translucent door.
 25290 | Gauntlet | Found a large runed translucent door.
 25294 | Gauntlet | Found a transporter.
 25318 | Gauntlet | Found a runed translucent gate.
 25342 | Gauntlet | Found a transporter.
 25346 | Gauntlet | Found a transporter.
 25348 | Gauntlet | Found a transporter.
 25371 | Gauntlet | Found a transporter.
 25394 | Gauntlet | Found a transporter.
 25549 | Gauntlet | Identified the +2 cloak of Circular Logic {Rampage}
 25787 | Gauntlet | Identified the ring "Zeonlayn" {Fly rC+ Int+6 Dex+2}
 25787 | Gauntlet | Noticed a minotaur
 26011 | Gauntlet | Killed a minotaur
 26012 | Gauntlet | Reached skill level 16 in Conjurations
 26208 | Gauntlet | Identified the ring of the Thieving Things {*Corrode rC+
                  | Str+3 Int+4 Dex+6}
 26209 | Gauntlet | Got the Papyrus of Orientation and the Entourage
 27515 | Lair:3   | Reached skill level 1 in Air Magic
 28066 | Lair:3   | Found a staircase to the Shoals.
 28320 | Shoals:1 | Entered Level 1 of the Shoals
 28448 | Shoals:1 | Reached skill level 5 in Fighting
 28561 | Shoals:1 | Reached XP level 14. HP: 107/107 MP: 14/32
 28992 | Shoals:1 | Shot with an arrow by a satyr

Illustrated notes

Levels and vault maps discovered:
D:1:      dpeg_arrival_caged_fury, layout_basic,
          shapermc_ecumenical_altar_acropolis
D:2:      layout_loops_ring, uniq_robin
D:3:      minmay_wonky_spiral, layout_basic, uniq_jessica, uniq_sigmund
D:4:      layout_basic, grunt_temple_overflow_open, uniq_eustachio
D:5:      layout_basic, elyvilon_altar_4, uniq_duvessa
D:6:      layout_gridville
D:7:      hellmonk_destroyed_diamonds, layout_basic, general_overflow_altar,
          minmay_temple_entry_drinking_statues, gammafunk_ghost_icy,
          enter_bailey_3, uniq_menkaure
D:8:      layout_basic, grunt_gozag_statues, uniq_joseph
D:9:      minmay_s_stair_smasher, layout_basic
D:10:     layout_roguey, orc_0_dummy, special_room [special_room_bee],
          minmay_beelzebubs_servants, uniq_sonja, uniq_josephine, uniq_nergalle
D:11:     layout_roguey, lair_entry_dummy, serial_glass, glass_columns_b,
          glass_columns_b, glass_columns_a, glass_columns_a,
          minmay_misc_feat_more_columns
Lair:1:   layout_small_grid, lemuel_fruit_tree, grunt_megastairs_2
Lair:2:   layout_long_grid, portal_ice_cave_demonic_guard,
          hellmonk_guarded_unrand_vines, uniq_urug
Lair:3:   regret_index_harrowing_hell_hive, layout_gridlike,
          minmay_shoals_entry_lonely_mermaid, gauntlet_entry_generic,
          infiniplex_staircase_pool_2
Shoals:1: nicolae_shoals_mermall, layout_shoals, regret_index_shoals_crete
Orc:1:    layout_caves, serial_shops, nicolae_square_shop, basic_altar,
          nicolae_orc_sculptors_studio
Orc:2:    grunt_orc_gardens, layout_caves, grunt_orc_garden, grunt_orc_garden,
          grunt_orc_garden, grunt_orc_garden

Skill      XL: |  1  2  3  4  5  6  7  8  9 10 11 12 13 |
---------------+----------------------------------------+-----
Conjurations   | 4 5 6 7 8 9 11 13 15 16 | 16.0
Dodging        | 2 4 |  4.0
Spellcasting   | 2 3 4 6 7 8 9 |  9.7
Fighting       | 1 3 4 5 |  5.0
Hexes          | 3 5 7 8 9 11 | 11.0
Translocations | 3 4 |  4.0
Shields        | 4 |  4.0
Air Magic      | 4 |  4.0
Stealth        | |  1.7

Action                   |  1- 3 |  4- 6 |  7- 9 | 10-12 | 13-15 || total
-------------------------+-------+-------+-------+-------+-------++-------
Melee: Dagger            |     4 |       |       |    16 |     2 ||    22
       Rapier            |       |       |     1 |       |       ||     1
       Scimitar          |       |       |    26 |       |       ||    26
       Punch             |       |       |     1 |       |       ||     1
       Staff             |       |       |       |       |    31 ||    31
       Demon whip        |       |       |       |       |     6 ||     6
Throw: Dart              |       |       |     5 |       |       ||     5
 Cast: Magic Dart        |    88 |    55 |    59 |    18 |    11 ||   231
       Searing Ray       |     6 |    10 |    51 |    25 |    14 ||   106
       Fulminant Prism   |       |     9 |    59 |   204 |   130 ||   402
       Iskenderun's Myst |       |       |     6 |    74 |    53 ||   133
       Lightning Bolt    |       |       |       |     1 |    11 ||    12
       Tukima's Dance    |       |       |       |       |     1 ||     1
Evoke: Wand              |       |     3 |    10 |     2 |     4 ||    19
       Lightning rod     |       |       |       |       |     3 ||     3
  Use: Scroll            |       |     5 |     3 |     4 |     6 ||    18
       Potion            |       |       |     4 |     1 |     3 ||     8
Armor: Robe              |     3 |     2 |    13 |    12 |    25 ||    55
Dodge: Dodged            |     8 |     8 |    70 |    48 |    89 ||   223
Block: Buckler           |       |       |       |     7 |    32 ||    39
